 Dungeon Crawl Stone Soup version 0.30-a0-691-g754fce4c43 (webtiles) character file.

Game seed: 13749102170526847703

93 Fenrisus the Shield-Bearer (level 4, -6/37 HPs)
             Began as a Formicid Fighter on Jan 19, 2023.
             Killed from afar by Natasha (16 damage)
             ... with a bolt of dispelling energy
             ... on level 2 of the Dungeon.
             The game lasted 00:08:20 (1773 turns).

Fenrisus the Shield-Bearer (Formicid Fighter)       Turns: 1773, Time: 00:08:21

Health: -6/37      AC: 13    Str: 21    XL:     4   Next: 91%
Magic:  4/4        EV:  6    Int:  7    God:
Gold:   85         SH:  5    Dex: 15    Spells: 3/3 levels left

rFire   . . .      SeeInvis +    a - +0 flail
rCold   . . .      Faith    .    c - +0 buckler
rNeg    . . .      Spirit   .    d - +0 plate armour
rPois   .          Reflect  .    (helmet unavailable)
rElec   .          Harm     .    b - +0 cloak
rCorr   .          Rampage  .    (no gloves)
Will    .....                    (no boots) Stlth
                                 (no amulet)
HPRegen 0.26/turn                (no ring)
MPRegen 0.09/turn                (no ring)

@: no status effects
A: permanent stasis, dig shafts and tunnels, antennae 3, four strong arms
a: Dig, Shaft Self


You were on level 2 of the Dungeon.
You visited 1 branch of the dungeon, and saw 2 of its levels.

You collected 85 gold pieces.

Inventory:

Hand Weapons
 a - a +0 flail (weapon)
Armour
 b - a +0 cloak (worn)
 c - a +0 buckler (worn)
 d - a +0 plate armour (worn)
Scrolls
 l - 2 scrolls of magic mapping
Potions
 f - 2 potions of lignification


   Skills:
 + Level 4.0 Fighting
 + Level 2.8 Maces & Flails
 + Level 4.0 Armour
 + Level 4.9 Shields


You had 3 spell levels left.
You didn't know any spells.
Your spell library contained the following spells:

 Spells                   Type           Power      Damage    Failure   Level
 Inner Flame              Hex/Fire       0%         N/A       100%        3
 Flame Wave               Conj/Fire      0%         2d4       100%        4
 Sticky Flame             Conj/Fire      0%         2d3       100%        4


Dungeon Overview and Level Annotations

Branches:
Dungeon (2/15)

Altars:

Shops:
D:1 ([*

Annotations:
D:2 Natasha


Innate Abilities, Weirdness & Mutations

You cannot be hasted, slowed, berserked, paralysed or teleported.
You can dig through walls and to a lower floor.
You have a pair of large antennae on your head. (SInv)
Your four strong arms can wield two-handed weapons with a shield.


Message History

You see here a bat corpse.
The ball python barely misses you. The ball python grabs you.
The ball python constricts you.
You hit the ball python.
The ball python is severely wounded.
The ball python bites you but does no damage.
The ball python constricts you.
The ball python bites you but does no damage.
The ball python constricts you.
You barely miss the ball python.
The ball python is severely wounded.
You block the ball python's attack. The ball python constricts you.
You thump the ball python!
You kill the ball python!
You see here a ball python corpse.
You sense a monster nearby.
A rat comes into view.
You block the rat's attack.
You hit the rat but do no damage. The rat bites you but does no damage.
You hit the rat.
You kill the rat!
There is a stone staircase leading down here.
A rat comes into view.
The rat bites you but does no damage.
You sock the rat!
You kill the rat!
Natasha, Servant of Life and Death comes into view.
She is carrying a wand of quicksilver (6).
Natasha hisses angrily.
Natasha casts a spell at you. The magic dart hits you.
Natasha zaps a wand.
The bolt of dispelling energy hits you!
Found a trident.
Found a stone staircase leading up.
Natasha is nearby!
Natasha casts a spell at you. You resist with some effort.
Natasha zaps a wand.
The bolt of dispelling energy hits you!
* * * LOW HITPOINT WARNING * * *
Natasha zaps a wand.
The bolt of dispelling energy hits you!
You die...

#..........#
#...........
#...........
.......... ...h....
#....# . #....##..
############.....#..
#<.@.....h.......'..
############.....##+
#.....##. #........
#........ #.#......
#.......# #.......'
##......#


You could see Natasha.

Vanquished Creatures
  Natasha (twice) (D:2)
  A worm (D:2)
  3 dart slugs (D:1)
  4 ball pythons
  3 bats
  2 endoplasms (D:1)
  A giant cockroach (D:2)
  4 goblins
  5 hobgoblins (D:1)
  2 jackals (D:1)
  2 kobolds (D:1)
  2 frilled lizards
  4 rats
35 creatures vanquished.

Notes
Turn   | Place    | Note
-------+----------+-------------------------------------------
     0 | D:1      | Fenrisus the Formicid Fighter began the quest for the Orb.
     0 | D:1      | Reached XP level 1. HP: 18/18 MP: 1/1
    90 | D:1      | Reached XP level 2. HP: 24/24 MP: 2/2
   405 | D:1      | Reached XP level 3. HP: 28/29 MP: 3/3
   496 | D:1      | Found Jinoim's Armour Boutique.
   513 | D:1      | You fall into a shaft and drop 1 floor!
   620 | D:1      | Found Qyoriep's Assorted Antiques.
   805 | D:1      | Found Ycicwuun's Antique Weapon Emporium.
  1024 | D:2      | Noticed Natasha
  1036 | D:2      | Killed Natasha
  1037 | D:2      | Reached XP level 4. HP: 26/37 MP: 4/4
  1211 | D:2      | Noticed Natasha
  1222 | D:2      | Killed Natasha
  1761 | D:2      | Noticed Natasha
  1773 | D:2      | Killed from afar by Natasha

Illustrated notes

Levels and vault maps discovered:
D:1:      evilmike_arrival_plus, layout_basic, serial_shops, shop,
          nicolae_diamond_shop, shop
D:2:      layout_basic, uniq_natasha

Skill      XL: |  1  2  3  4 |
---------------+-------------+-----
Fighting       | 4 |  4.0
Armour         | 4 |  4.0
Maces & Flails | |  2.8
Shields        | |  4.9

Action                   |  1- 3 |  4- 6 || total
-------------------------+-------+-------++-------
Melee: Flail             |    62 |    35 ||    97
  Use: Scroll            |       |     6 ||     6
       Potion            |       |     1 ||     1
Armor: Scale mail        |    20 |       ||    20
       Chain mail        |     8 |    16 ||    24
       Plate armour      |       |     6 ||     6
Dodge: Dodged            |    28 |    11 ||    39
Block: Buckler           |    11 |     6 ||    17

Table legend: (Time is in decaauts)
 A = Elapsed time spent in this place.
 B = Non-inter-level travel time spent in this place.
 C = Inter-level travel time spent in this place.
 D = Time resting spent in this place.
 E = Time spent auto-exploring this place.
 F = Levels seen in this place.
 G = Mean time per level.
                   A        B        C        D        E       F      G
               +--------+--------+--------+--------+--------+-----+--------+
         Total |   1804 |    557 |   1247 |    257 |      0 |   2 |  902.0 |
       Dungeon |   1804 |    557 |   1247 |    257 |      0 |   2 |  902.0 |
               +--------+--------+--------+--------+--------+-----+--------+

Top non-repeatable levels by time:
     D:1: 1033 daAuts
     D:2: 771 daAuts
